[Event "Early-Titled-Tuesday-Blitz-May-14-2024"]
[Site "Chess.com"]
[Date "2024.05.14"]
[Round "2"]
[White "Zurability"]
[Black "AlexandraSamaganova"]
[Result "1-0"]
[WhiteElo "2807"]
[BlackElo "2412"]
[TimeControl "180+1"]
[EndTime "8:18:59 PDT"]
[Termination "Zurability won by resignation"]

1. e4 e6 2. d4 d5 3. Nd2 c5 4. Ngf3 Nc6 5. Bb5 cxd4 6. Nxd4 Bd7 7. Nxc6 Bxc6 8. Bxc6+ bxc6 9. O-O Nf6 10. Qe2 Be7 11. b3 O-O 12. Bb2 a5 13. a4 c5 14. Rad1 Qb6 15.
exd5 Nxd5 16. Nc4 Qb7 17. Qf3 Rfd8 18. Rd3 Qc7 19. Be5 Qc6 20. Rfd1 Nb4 21. Qxc6 Nxc6 22.
Bc7 Rxd3 23. Rxd3 Nb4 24. Rd7 Kf8 25. Bxa5 Nxc2 26. Bc3 Rb8 27. Nd2 Bg5 28. Kf1 Bxd2 29. Rxd2 Nd4 30. b4 Nb3 31. Rb2 c4 32. a5 f6 33. Ra2 Nc1 34. Ra1 Nd3 35. a6 Ke7 36. a7 Ra8 37. b5 Kd7 38. b6 Kc6 39. Bd4 e5 40. Be3 Kb7 41. Ke2 Nb4 42. Ra4 Nd5 43.
Bc5 c3 44. Rc4 Rc8 45. Kd3 Nxb6 46. Bxb6 Rxc4 47. Kxc4 c2 48. Be3 f5 49. Kd3 f4 50.
Bc1 e4+ 51. Kxe4 Kxa7 52. Kd3 Kb7 53. Kxc2 Kc6 54. Bxf4 Kd7 55. Kd3 Ke6 56. Ke4 Kf7 57. Be3 g6 58. f4 1-0

[Event "Early-Titled-Tuesday-Blitz-May-14-2024"]
[Site "Chess.com"]
[Date "2024.05.14"]
[Round "2"]
[White "Cheer_Down"]
[Black "MikeWizard"]
[Result "1/2-1/2"]
[WhiteElo "2445"]
[BlackElo "2011"]
[TimeControl "180+1"]
[EndTime "8:19:00 PDT"]
[Termination "Game drawn by agreement"]

1. e4 d6 2. d4 Nf6 3. Nc3 Nbd7 4. Nf3 e5 5. Bc4 Be7 6. Rg1 c6 7. g4 h6 8. g5 hxg5 9. Nxg5 Rf8 10. a4 exd4 11.
Qxd4 Ne5 12. Be2 Qb6 13. Be3 Nfg4 14. Bxg4 Bxg4 15. Qxb6 axb6 16. f4 Bxg5 17. Kf2 Bh6 18. fxe5 Bxe3+ 19. Kxe3 Be6 20. exd6 O-O-O 21. e5 f6 22.
Rxg7 fxe5 23. a5 bxa5 24. Rxa5 Kb8 25. Ne4 Bd5 26. Nc5 Rf3+ 27. Ke2 Rf7 28. Rxf7 Bxf7 29. Ne4 Bd5 30. Ke3 Bxe4 31. Kxe4 Rxd6 32. Rxe5 Rd2 33. Rc5 Rxh2 34. Kd3 Kc7 35. Rg5 b5 36. b3 Kb6 37.
Kc3 Rh3+ 38. Kb2 Rh2 39. Rg8 Rf2 40. Rb8+ Kc7 41. Rh8 Kb6 42. Rh6 Kc5 43. Kc3 Rf3+ 44.
Kd2 Rf2+ 45. Kc3 Rf3+ 46. Kb2 Rf2 47. Rh3 Rg2 48. Rf3 Rh2 49. Kc3 Rg2 50. b4+ Kb6 51. Kb3 Rh2 52. c3 Rg2 53. Rh3 Rf2 54. Rg3 Rh2 55.
Ka3 Rf2 56. Re3 Rh2 57. Kb3 Rg2 58. Re8 Rh2 59. Rb8+ Kc7 60. Ra8 Kb7 61. Rg8 Kb6 62. Rg6 Rh3 63. Rf6 Rg3 64. Rf7 Rh3 65. Rf4 Rg3 66.
Rh4 Rf3 67. Rg4 Rh3 68. Kc2 Rf3 69. Kb2 Rh3 70. Rf4 Rg3 71. Rh4 Rf3 72. Kb3 Rg3 73.
Rf4 Rh3 74. Re4 Rg3 75. Rd4 Rh3 76. Rd6 Rg3 77. Rf6 Rh3 78. Rg6 Rf3 79. Rh6 Rg3 80. Rf6 Rh3 81. Rf7 Rg3 82. Rh7 Rf3 83. Rg7 Rh3 84.
Rf7 Rg3 85. Rf4 Rh3 86. Rd4 Rg3 87. Rd2 Rh3 88. Re2 1/2-1/2

[Event "Early-Titled-Tuesday-Blitz-May-14-2024"]
[Site "Chess.com"]
[Date "2024.05.14"]
[Round "2"]
[White "ATM622"]
[Black "rhwr"]
[Result "1-0"]
[WhiteElo "2549"]
[BlackElo "2331"]
[TimeControl "180+1"]
[EndTime "8:19:01 PDT"]
[Termination "ATM622 won by resignation"]

1. d4 c5 2. d5 Nf6 3. g3 e5 4. Bg2 d6 5. c4 Be7 6. Nc3 O-O 7.
Nf3 Nbd7 8. O-O a6 9. e4 Rb8 10. a4 b6 11. Nh4 Ne8 12. Nf5 Bg5 13. Qg4 Bxc1 14. Raxc1 Ndf6 15. Qh4 g6 16. Ne3 Kg7 17. f4 exf4 18. gxf4 Qe7 19. Rce1 Ng8 20. Qxe7 Nxe7 21. e5 Nf5 22. Nxf5+ Bxf5 23. Ne4 Bxe4 24. Rxe4 b5 25. axb5 axb5 26. cxb5 Rxb5 27. b4 cxb4 28. Rb1 b3 29.
Re3 b2 30. Re2 Rb4 31. Re4 Rb5 32. Re2 Rb4 33. Rf2 g5 34. fxg5 dxe5 35. Rbxb2 Rg4 36.
Rf5 e4 37. h3 Rg3 38. Kf2 Nd6 39. Kxg3 Nxf5+ 40. Kf4 Nd6 41. Bxe4 Rc8 42. Re2 Rc3 43. h4 h6 44. Ke5 Nc4+ 45. Kd4 Rc1 46. Rc2 Rd1+ 47.
Kxc4 hxg5 48. hxg5 f6 49. gxf6+ Kxf6 50. Bd3 Ke5 51.
Re2+ Kd6 52. Re6+ Kd7 53. Kd4 Rd2 54. Rh6 Rd1 55. Ke3 Re1+ 56. Kd2 Re5 57. Bc4 Re4 58. Bb5+ Ke7 59. d6+ Kd8 60. Rh8+ 1-0

[Event "Early-Titled-Tuesday-Blitz-May-14-2024"]
[Site "Chess.com"]
[Date "2024.05.14"]
[Round "2"]
[White "Seochesspie"]
[Black "Skatchkov_V"]
[Result "0-1"]
[WhiteElo "2852"]
[BlackElo "2610"]
[TimeControl "180+1"]
[EndTime "8:19:03 PDT"]
[Termination "Skatchkov_V won by resignation"]

1. Nf3 d5 2. e3 Nf6 3. c4 c6 4. d4 Bf5 5. Nc3 e6 6. Nh4 Be4 7. f3 Bg6 8. Qb3 Qc7 9. Bd2 Nbd7 10. cxd5 exd5 11. Nxg6 hxg6 12. O-O-O a5 13. e4 dxe4 14. fxe4 Bb4 15. Bd3 Rxh2 16. e5 Rxh1 17. Rxh1 Bxc3 18. bxc3 Nd5 19. e6 fxe6 20. Rh8+ Nf8 21. Bxg6+ Kd7 22.
Qd1 Qg3 23. Qf1 Qxg6 24. Rxf8 Rxf8 25. Qxf8 Qxg2 26. Qb8 Qf1+ 27. Kb2 Qb5+ 28. Kc1 Qf1+ 29. Kb2 Qb5+ 30. Kc1 a4 31. Qf8 Qc4 32. Qxg7+ Kc8 33. Qf8+ Kc7 34. Qf7+ Kb6 35. Qxe6 Qxa2 36. Qd6 Qa1+ 37.
Kc2 Qa2+ 38. Kc1 Qb3 39. Qc5+ Ka6 40. c4 Nc3 41. Bxc3 Qxc3+ 42. Kd1 a3 43. Qf8 Qb3+ 44. Kd2 Qb2+ 45. Kd3 Qb1+ 46. Kd2 Qb2+ 47. Kd3 Qb3+ 48. Kd2 Qxc4 49. Qxa3+ Kb6 50. Ke3 Qb5 51. Qe7 Qb3+ 52. Kd2 Qb2+ 53. Kd3 Ka6 54. Qd8 Qb5+ 55. Kd2 Qa5+ 0-1

[Event "Early-Titled-Tuesday-Blitz-May-14-2024"]
[Site "Chess.com"]
[Date "2024.05.14"]
[Round "2"]
[White "C_K_G"]
[Black "Aryan_Tamadon"]
[Result "0-1"]
[WhiteElo "2273"]
[BlackElo "2526"]
[TimeControl "180+1"]
[EndTime "8:19:03 PDT"]
[Termination "Aryan_Tamadon won on time"]

1. e4 d5 2. exd5 Qxd5 3. Nc3 Qd6 4. d4 Nf6 5. h3 Nc6 6. Nf3 Bf5 7. Bc4 O-O-O 8.
O-O e6 9. Be3 h6 10. a3 Na5 11.
Ba2 Nd5 12. Nb5 Qa6 13. c4 Nxe3 14. fxe3 c6 15. Rc1 Kb8 16. b4 cxb5 17. cxb5 Qxb5 18.
bxa5 Bxa3 19. Rc3 Qb2 20. Qb3 Rc8 21. Qxb2 Bxb2 22. Rb3 Bc3 23. Ne5 Bxa5 24. Nxf7 Rhg8 25. Nd6 Rc2 26. Rxb7+ Ka8 27. Bb3 Rc6 28. Rb5 Rxd6 29. Rxa5 Rb8 30. Bc4 Rb4 31. Be2 Rb3 32. Rf3 Kb7 33.
Rg3 g5 34. Bf3+ Kb6 35. Ra1 Rb1+ 36. Rxb1+ Bxb1 37. h4 gxh4 38. Rh3 a5 39. Rxh4 a4 40. Rxh6 a3 41. Rh8 Ka5 42. Ra8+ Ra6 43. Rxa6+ Kxa6 44. d5 a2 45. dxe6 a1=Q 46. e7 Bg6+ 0-1

[Event "Early-Titled-Tuesday-Blitz-May-14-2024"]
[Site "Chess.com"]
[Date "2024.05.14"]
[Round "2"]
[White "Firouzja2003"]
[Black "Mikasinski"]
[Result "1-0"]
[WhiteElo "3195"]
[BlackElo "2672"]
[TimeControl "180+1"]
[EndTime "8:19:04 PDT"]
[Termination "Firouzja2003 won by resignation"]

1. e4 c5 2. Nf3 d6 3. d4 cxd4 4. Nxd4 Nf6 5. Nc3 a6 6. Be3 e5 7. Nf3 Be7 8. h3 O-O 9. Bc4 h6 10. Bb3 Nc6 11. Qe2 Be6 12. O-O-O Qc8 13. g4 Rd8 14. g5 hxg5 15. Nxg5 Bxb3 16. axb3 Nb4 17. Rhg1 d5 18. exd5 Qf5 19. Kb1 Rac8 20. Bc1 Nfxd5 21.
Nge4 Rd7 22. Nxd5 Rxd5 23. Rxd5 Nxd5 24. Ng3 Qe6 25. Qe4 b5 26. Nf5 g6 27. h4 Nf6 28.
Nxe7+ Qxe7 29. Qf5 Rc6 30. h5 Qd7 31. Qxe5 Re6 32. Qb8+ Re8 33. Qh2 Ng4 34. Qh3 f5 35.
hxg6 Nxf2 36. Qh4 Ng4 37. Rh1 Qg7 38. Qh5 Re5 39. Bf4 Rd5 40. Re1 Nf6 41. Qg5 Ne4 42.
Qh5 Nf6 43. Qh1 Rd8 44. Qc6 Qxg6 45. Qxa6 Rf8 46. Qxb5 Nh5 47. Qd5+ Kh7 48. Re7+ Ng7 49. Be5 Rg8 50. Qh1+ Qh6 51. Qxh6+ Kxh6 52. Bxg7+ Kg6 53. Be5 Rd8 54. c4 Kg5 55. Rg7+ Kh4 56. Bf6+ 1-0

[Event "Early-Titled-Tuesday-Blitz-May-14-2024"]
[Site "Chess.com"]
[Date "2024.05.14"]
[Round "2"]
[White "Mikhail_Bryakin"]
[Black "Sadykov_Ramil"]
[Result "1/2-1/2"]
[WhiteElo "2885"]
[BlackElo "2612"]
[TimeControl "180+1"]
[EndTime "8:19:05 PDT"]
[Termination "Game drawn - insufficient material"]

1. Nf3 Nf6 2. c4 e6 3. g3 d5 4.
Bg2 Be7 5. O-O O-O 6. d3 c5 7. cxd5 Nxd5 8. Nc3 Nc6 9. Bd2 Nc7 10. Rc1 b6 11. a3 a5 12. Qa4 Bd7 13. Qf4 Bf6 14.
h4 e5 15. Qe4 Rb8 16. Bg5 Re8 17. Rfd1 h6 18. Bxf6 Qxf6 19. Nd5 Nxd5 20. Qxd5 Qe6 21. Nd2 Nd4 22. Qxe6 Bxe6 23. Re1 Nb3 24. Nxb3 Bxb3 25. Bc6 Re6 26. Bb5 Rd6 27. Rc3 Be6 28. Rec1 f6 29.
f3 Kf7 30. Bc4 Rd4 31. Bb5 Rbd8 32. Kf2 h5 33. Bc6 R4d6 34. Bb5 Bd7 35. Bxd7 R8xd7 36. b4 cxb4 37. axb4 axb4 38. Rb3 Rd4 39. Rc6 R7d6 40.
Rc7+ Rd7 41. Rc6 R7d6 42. Rc8 Rd8 43. Rc1 R8d5 44. Ke3 Ke6 45. Rc7 Rd7 46. Rc8 Rd8 47.
Rxd8 Rxd8 48. Rxb4 Rb8 49. g4 hxg4 50. Rxg4 Kf7 51.
Kd2 b5 52. Kc3 g6 53. d4 exd4+ 54. Rxd4 g5 55. hxg5 fxg5 56. Rd6 Rb7 57. Rc6 b4+ 58. Kb3 Re7 59. Rc2 Rb7 60. Rc6 Re7 61. Rc2 Rb7 62. Rc4 Re7 63. e4 Kf6 64. Rc5 g4 65. Rc6+ Kg5 66. Rc5+ Kg6 67. Rc6+ Kg5 68. Rc5+ Kg6 69.
fxg4 Rxe4 70. g5 Rg4 71. Rc8 Kxg5 72. Rc1 Kf5 73. Re1 Rf4 74. Re2 Re4 75. Rxe4 Kxe4 76. Kxb4 1/2-1/2

[Event "Early-Titled-Tuesday-Blitz-May-14-2024"]
[Site "Chess.com"]
[Date "2024.05.14"]
[Round "2"]
[White "Lady_Nika"]
[Black "AnaKuchava"]
[Result "1-0"]
[WhiteElo "2491"]
[BlackElo "2191"]
[TimeControl "180+1"]
[EndTime "8:19:05 PDT"]
[Termination "Lady_Nika won by resignation"]

1. g4 d5 2. h3 c6 3. d4 h5 4. g5 Bf5 5. h4 Nd7 6. Bh3 Bxh3 7.
Nxh3 e6 8. c3 Bd6 9. Qd3 Ne7 10.
Nd2 Nf5 11. Ng1 g6 12. e4 dxe4 13. Nxe4 Be7 14. Bf4 Qb6 15. O-O-O Qa5 16. Kb1 Nb6 17. Be5 Rg8 18. Ne2 O-O-O 19. N2g3 Nd5 20. Nxf5 exf5 21.
Nd2 Bd6 22. Bxd6 Rxd6 23. Nc4 Qc7 24. Nxd6+ Qxd6 25. c4 Nf4 26. Qf3 Kb8 27. Rhe1 Rd8 28. Re5 Ne6 29. c5 Qd7 30. Re3 Ka8 31. Red3 Qd5 32.
Qxd5 Rxd5 33. Kc2 Kb8 34. Kc3 Kc7 35. Re3 Kd7 36. b4 f4 37. Re5 Rxe5 38. dxe5+ Ke7 39.
Kd3 Nc7 40. a4 Nd5 41. b5 Ke6 42. Rb1 Kxe5 43. bxc6 bxc6 44. Rb7 a6 45. f3 Ke6 46. a5 f6 47. gxf6 Kxf6 48. Rb6 Ke5 49. Kc4 Ne3+ 50. Kb3 g5 51. hxg5 h4 52. Rxc6 h3 53.
Rxa6 Nf5 54. Ra7 Nd4+ 55. Kc4 Nxf3 56. Rh7 h2 57. a6 Nxg5 58. Rxh2 Nf3 59. Rf2 Ke6 60.
Rxf3 1-0

[Event "Early-Titled-Tuesday-Blitz-May-14-2024"]
[Site "Chess.com"]
[Date "2024.05.14"]
[Round "2"]
[White "Susal_De_Silva"]
[Black "rpragchess"]
[Result "0-1"]
[WhiteElo "2666"]
[BlackElo "3092"]
[TimeControl "180+1"]
[EndTime "8:19:06 PDT"]
[Termination "rpragchess won on time"]

1. e4 c6 2. d4 d5 3. Nc3 g6 4. Nf3 Bg7 5. Be2 Bg4 6. Be3 e6 7. O-O Nf6 8. Nd2 Bxe2 9. Qxe2 O-O 10. Rad1 b5 11. a3 a5 12. exd5 exd5 13. Nf3 Nbd7 14. Qd2 Nb6 15. Qc1 Nc4 16. Bg5 a4 17. Ne5 Qd6 18.
Bf4 Nh5 19. Nxc4 Qxf4 20. Qxf4 Nxf4 21. Ne5 Bxe5 22. dxe5 Rfd8 23. g3 Ne6 24. f4 Rab8 25. f5 Ng7 26. fxg6 hxg6 27. Rf6 Ne6 28. Ne2 b4 29. Nf4 Ng5 30. Kg2 bxa3 31. bxa3 Rbc8 32. e6 Kg7 33. e7 Rd7 34. Rxc6 Re8 35. Rxd5 Rexe7 36. Rxg5 Rd2+ 37. Kh3 Re3 38. Nh5+ Kh6 39. Rb5 Ree2 40.
Nf4 Rxh2+ 41. Kg4 Rdf2 42. Rd6 Kg7 43. Nh5+ gxh5+ 0-1

[Event "Early-Titled-Tuesday-Blitz-May-14-2024"]
[Site "Chess.com"]
[Date "2024.05.14"]
[Round "2"]
[White "Arimin1329"]
[Black "The_Machine04"]
[Result "0-1"]
[WhiteElo "2379"]
[BlackElo "2664"]
[TimeControl "180+1"]
[EndTime "8:19:06 PDT"]
[Termination "The_Machine04 won on time"]

1. Nf3 d6 2. g3 Nf6 3. d4 Nbd7 4. Bg2 e5 5. O-O e4 6. Ne1 d5 7. c4 c6 8. Nc3 Bd6 9. Bg5 h6 10. Bxf6 Nxf6 11. cxd5 cxd5 12. f3 exf3 13. exf3 O-O 14. f4 Bc7 15. Qb3 Bb6 16. Nf3 Re8 17. Rad1 Bf5 18.
Ne5 Be6 19. f5 Bc8 20. Kh1 Bxd4 21. Rxd4 Rxe5 22. Nxd5 Nxd5 23. Rxd5 Rxd5 24. Bxd5 Qf6 25. g4 Rb8 26. Qg3 Ra8 27. Qc7 Kh7 28. Bxf7 Qc6+ 29.
Qxc6 bxc6 30. Bg6+ Kg8 31. Re1 Ba6 32. Kg2 Rb8 33.
b3 c5 34. Re7 c4 35. bxc4 Bxc4 36. a3 a6 37. Kf3 Kf8 38. Rc7 Bb5 39. Kf4 Rd8 40.
Ke5 Rd2 41. h4 Re2+ 42. Kd6 Rd2+ 43. Kc5 Rc2+ 44. Kb6 Rxc7 45. Kxc7 Ke7 46. Kb6 Kf6 47. Kc5 Be2 48. Bh5 Ke5 49. a4 Kf4 50. Bg6 Kxg4 51. Kb6 Kxh4 52. Be8 Kg5 53. Bd7 h5 54. Bc8 h4 55. Bd7 Kf4 0-1

[Event "Early-Titled-Tuesday-Blitz-May-14-2024"]
[Site "Chess.com"]
[Date "2024.05.14"]
[Round "2"]
[White "maximnovik"]
[Black "EdmundPlayer"]
[Result "1-0"]
[WhiteElo "2520"]
[BlackElo "2270"]
[TimeControl "180+1"]
[EndTime "8:19:06 PDT"]
[Termination "maximnovik won by checkmate"]

1. e4 e6 2. d4 d5 3. e5 Qd7 4. Nf3 b6 5. c3 Ba6 6. Bxa6 Nxa6 7.
O-O c5 8. Re1 Nb8 9. Nbd2 Nc6 10. Nf1 Nge7 11. Ng3 h5 12. h4 Ng6 13. Bg5 Be7 14. Qd2 Rc8 15. a3 Na5 16. Rad1 Nc4 17. Qe2 Qb5 18. Nd2 Qxb2 19. Nxh5 Bxg5 20. hxg5 Kf8 21.
Ng3 Qxc3 22. Nxc4 Qxc4 23. Qxc4 dxc4 24. d5 exd5 25. Rxd5 Ne7 26. Rd7 b5 27. Ne4 b4 28.
Nd6 Rb8 29. axb4 cxb4 30. Nxc4 Nc6 31. Rc7 Nd4 32. Re4 Ne6 33. Rxa7 Nxg5 34. Rg4 Ne6 35. Nd6 b3 36. Rxf7+ Kg8 37. Rb7 Rxb7 38. Nxb7 b2 39.
Rb4 Rh5 40. Rxb2 Rxe5 41. g3 Kf7 42. Nd6+ Ke7 43. Nc4 Re1+ 44. Kg2 Rc1 45. Ne3 Kf6 46. Rb6 Ra1 47. Nd5+ Ke5 48. Ne3 Nd4 49. Rg6 Ne6 50. f4+ Kd6 51. f5 Ra2+ 52. Kf3 Ra7 53. Rxe6+ Kc5 54. g4 Kd4 55. Re4+ Kd3 56. g5 Ra1 57. Kf4 Rg1 58. Ng4 Rxg4+ 59. Kxg4 Kxe4 60. f6 Ke5 61. fxg7 Ke6 62. g8=Q+ Ke7 63. g6 Kf6 64. g7 Kg6 65. Qf8 Kh6 66. g8=Q# 1-0

[Event "Early-Titled-Tuesday-Blitz-May-14-2024"]
[Site "Chess.com"]
[Date "2024.05.14"]
[Round "2"]
[White "mightysmasher"]
[Black "Matibar"]
[Result "0-1"]
[WhiteElo "2552"]
[BlackElo "2793"]
[TimeControl "180+1"]
[EndTime "8:19:07 PDT"]
[Termination "Matibar won by checkmate"]

1. e4 c5 2. c3 e6 3. d4 d5 4.
exd5 exd5 5. Nf3 Nf6 6. Bd3 Be7 7. O-O O-O 8. Bg5 Bg4 9. Nbd2 Nbd7 10. Re1 Re8 11.
Qc2 c4 12. Bf5 Bxf5 13. Qxf5 g6 14. Qh3 Nh5 15. Bxe7 Rxe7 16. Rxe7 Qxe7 17. Re1 Qd6 18. g3 b5 19. Ng5 Nf8 20. Ngf3 a5 21. Qg4 b4 22.
Re5 Nd7 23. Re1 Rb8 24. Ne5 Nf8 25. Qf3 f6 26. Ng4 Rd8 27. h3 Kh8 28. Kg2 Ne6 29. Nxf6 Ng5 30. Qe3 Qxf6 31. h4 Nf7 32. Nf3 Ng7 33.
Ng5 Nxg5 34. hxg5 Qf7 35. Rh1 Kg8 36. f4 Re8 37. Qf3 Qe6 38. cxb4 axb4 39. Rf1 Qe2+ 40.
Rf2 Qxf3+ 41. Kxf3 Nf5 42. Rd2 Re3+ 43. Kf2 Rxg3 44.
a4 bxa3 45. bxa3 Rxa3 46. Re2 Nxd4 47. Re5 c3 48. Ke3 c2+ 49. Kd2 Rc3 50. Kxc3 c1=Q+ 51. Kxd4 Qc4+ 52. Ke3 Kf7 53. Kf3 d4 54. Re3 dxe3 55. Kxe3 Ke6 56. Kf3 Kf5 57. Ke3 Qxf4+ 58. Ke2 Kxg5 59.
Ke1 Kf5 60. Ke2 g5 61. Ke1 g4 62. Ke2 g3 63. Kd3 Qf3+ 64. Kd2 g2 65. Kc2 h5 66.
Kb2 h4 67. Kc2 h3 68. Kd2 h2 69. Kc2 g1=Q 70. Kb2 h1=Q 71. Kc2 Qgg2# 0-1

[Event "Early-Titled-Tuesday-Blitz-May-14-2024"]
[Site "Chess.com"]
[Date "2024.05.14"]
[Round "2"]
[White "fandebobbyfischer"]
[Black "Flaccidmoves"]
[Result "0-1"]
[WhiteElo "2726"]
[BlackElo "2432"]
[TimeControl "180+1"]
[EndTime "8:19:07 PDT"]
[Termination "Flaccidmoves won on time"]

1. e4 e5 2. Nf3 Nc6 3. Bc4 Nf6 4. Ng5 d5 5. exd5 Na5 6. Bb5+ c6 7. dxc6 bxc6 8. Bd3 h6 9. Ne4 Nxe4 10. Bxe4 g6 11.
d3 f5 12. Bf3 Be6 13. O-O Rb8 14. Nc3 Bd6 15. Re1 Kf7 16. a3 c5 17. Be3 Qd7 18.
Rb1 Nc6 19. Bd5 Bxd5 20. Nxd5 f4 21. Bd2 h5 22. Nc3 g5 23. Ne4 Be7 24. Bc3 g4 25.
Nd2 Bf6 26. Ne4 Be7 27. Qd2 Rhg8 28. Bxe5 Qf5 29. Bxb8 Rxb8 30. c3 h4 31. b4 cxb4 32. cxb4 h3 33. Qc3 Ne5 34. Ng5+ Bxg5 35. Qxe5 Qxe5 36. Rxe5 Kg6 37. Re6+ Kf7 38. Ra6 hxg2 39. Kxg2 Rd8 40. Rxa7+ Kg6 41. Ra6+ Kh5 42. Rd1 f3+ 43.
Kf1 Re8 44. d4 Re2 45. d5 Bh4 46. d6 Rxf2+ 47. Kg1 Rg2+ 48. Kh1 Rf2 49. Ra5+ Kg6 50. d7 Re2 51. Ra6+ Kf7 52. Rad6 f2 53. Kg2 Re1 0-1

[Event "Early-Titled-Tuesday-Blitz-May-14-2024"]
[Site "Chess.com"]
[Date "2024.05.14"]
[Round "2"]
[White "mfschulz"]
[Black "biveklama"]
[Result "0-1"]
[WhiteElo "2329"]
[BlackElo "2550"]
[TimeControl "180+1"]
[EndTime "8:19:08 PDT"]
[Termination "biveklama won on time"]

1. d4 d5 2. Bg5 h6 3. Bh4 Bf5 4. e3 c5 5. Bd3 Bxd3 6. Qxd3 cxd4 7. exd4 Qb6 8. Nc3 e6 9. Nf3 Nc6 10. O-O Be7 11. Bg3 Nf6 12. Na4 Qa6 13. Qxa6 bxa6 14. c3 Ne4 15. Rfe1 Kd7 16. Ne5+ Nxe5 17. Bxe5 f6 18. Bf4 g5 19. Bc1 g4 20. Bf4 Rac8 21.
Re2 Rc6 22. Rae1 h5 23. Kf1 Rhc8 24. f3 gxf3 25. gxf3 Ng5 26. Bxg5 fxg5 27. Re5 Rf8 28. Kg2 Rf4 29. b4 Rf6 30. Nc5+ Bxc5 31. dxc5 Rg6 32.
Kg3 Rc8 33. Rd1 Kc6 34. a4 Rf8 35. c4 dxc4 36. Rd6+ Kc7 37. Rexe6 Rxe6 38. Rxe6 Rb8 39. Rxa6 Rxb4 40. Rxa7+ Kc6 41. Rg7 g4 42. fxg4 hxg4 43. Rxg4 Rxa4 44. h4 Ra3+ 45. Kh2 Kxc5 46. h5 c3 47. Rg2 Kc4 48. h6 Ra6 49. Rg4+ Kd3 50. Rh4 c2 51. h7 c1=Q 52. h8=Q Ra2+ 53. Kg3 Qg1+ 54. Kf4 Qe3+ 55. Kf5 Rf2+ 0-1

[Event "Early-Titled-Tuesday-Blitz-May-14-2024"]
[Site "Chess.com"]
[Date "2024.05.14"]
[Round "2"]
[White "pfalcon1949"]
[Black "Cherepov_Alexej"]
[Result "1/2-1/2"]
[WhiteElo "1910"]
[BlackElo "2431"]
[TimeControl "180+1"]
[EndTime "8:19:10 PDT"]
[Termination "Game drawn by repetition"]

1. e4 Nf6 2. e5 Nd5 3. Nc3 Nxc3 4. dxc3 d6 5. Bf4 g6 6. Qd2 Bg7 7. O-O-O Nc6 8. Nf3 Bg4 9. exd6 cxd6 10. Be2 Qa5 11.
Kb1 Be6 12. a3 h6 13. h4 O-O-O 14. Rhe1 Qa4 15. Bg3 Na5 16. Nd4 Bd5 17. Bb5 Nc4 18. Bxa4 Nxd2+ 19. Rxd2 Bxg2 20. Bb3 e5 21. Nb5 f5 22.
Nxa7+ Kb8 23. Nb5 f4 24. Bh2 d5 25. Rg1 f3 26. Re1 Rhe8 27. a4 Bf6 28. Red1 Bxh4 29. Bxd5 Bg5 30. Rd4 Kc8 31. Re4 Bf6 32. Na7+ Kb8 33. Nb5 Kc8 34. c4 g5 35. Rde1 h5 36.
Bxe5 Bxe5 37. Rxe5 Rxe5 38. Rxe5 g4 39. Rxh5 g3 40. fxg3 f2 41. Bxg2 Rd1+ 42. Ka2 Rg1 43. Bh3+ Kd8 44. Rf5 Rxg3 45. Rxf2 Rxh3 46. b3 Kd7 47.
Ka3 Kc6 48. Kb4 Kb6 49. a5+ Kc6 50. c3 Rh5 51. Rf6+ Kd7 52. c5 Kc8 53. c4 Rh3 54. Rf7 Re3 55. Nd6+ Kb8 56. Rxb7+ Ka8 57. Rf7 Kb8 58. a6 Ka8 59. Nc8 Kb8 60. Nb6 Rxb3+ 61. Ka4 Rb4+ 62. Ka5 Rb5+ 63. Ka4 Rb4+ 64. Ka3 Rb3+ 65.
Ka2 Rb2+ 66. Ka1 Rb1+ 67. Ka2 Rb2+ 68. Ka3 Rb3+ 69. Ka4 Rb4+ 1/2-1/2

[Event "Early-Titled-Tuesday-Blitz-May-14-2024"]
[Site "Chess.com"]
[Date "2024.05.14"]
[Round "2"]
[White "SlavenPastar"]
[Black "AnishOnYoutube"]
[Result "0-1"]
[WhiteElo "2655"]
[BlackElo "3014"]
[TimeControl "180+1"]
[EndTime "8:19:13 PDT"]
[Termination "AnishOnYoutube won by resignation"]

1. Nf3 Nf6 2. g3 g6 3. b3 b6 4.
Bb2 Bg7 5. Bg2 Bb7 6. c4 O-O 7.
d4 e6 8. Nc3 d5 9. Ne5 Nbd7 10.
Nxd7 Qxd7 11. cxd5 exd5 12. O-O h5 13. h3 Rfe8 14. e3 a5 15. Rc1 Re6 16. Re1 Rae8 17. Qd3 Bf8 18. Qb5 Bc6 19. Qd3 Bb4 20. a3 Bxc3 21.
Bxc3 a4 22. bxa4 Bxa4 23. Bb4 Ne4 24. Bxe4 Rxe4 25. Kg2 Bb5 26. Qd1 R4e6 27. Rc3 Kg7 28. Qc2 Bc4 29. Rc1 b5 30. Bc5 Ra6 31. Qd1 Qe6 32. Qf3 Qd7 33. Qd1 Ree6 34. h4 Rf6 35. Qd2 Qf5 36. R3c2 Qe4+ 37. Kg1 Rf3 38. Qb4 Ra4 39. Bf8+ Kg8 40. Qe7 Ra8 41. Qxe4 dxe4 42. Bc5 f6 43. Rb2 g5 44. hxg5 fxg5 45. Kg2 Kf7 46. Rh1 Kg6 47. Rc2 Ra6 48. Rb2 Kh6 49.
Rd2 Rf5 50. Bb4 Kg6 51. Rhd1 c6 52. Rh1 Ra7 53. Rc1 Bd5 54. Rh1 Rh7 55. Rh2 h4 56.
gxh4 gxh4 57. Rd1 Rg5+ 58. Kf1 h3 59. Ke1 Rg2 60. Rh1 h2 61. Kd2 Rxf2+ 62. Kc3 Rh3 63.
Rde1 Kf5 64. Bd6 Kg4 65. Bf4 Rxf4 0-1

[Event "Early-Titled-Tuesday-Blitz-May-14-2024"]
[Site "Chess.com"]
[Date "2024.05.14"]
[Round "2"]
[White "profedechess93"]
[Black "NewYearGirl"]
[Result "1-0"]
[WhiteElo "2646"]
[BlackElo "2380"]
[TimeControl "180+1"]
[EndTime "8:19:14 PDT"]
[Termination "profedechess93 won by resignation"]

1. e4 c5 2. Nf3 d6 3. Bb5+ Bd7 4. Bxd7+ Qxd7 5. O-O Nc6 6. Re1 e6 7. c3 Nf6 8. d4 cxd4 9. cxd4 d5 10. e5 Ng8 11.
Nc3 h5 12. Bg5 Nh6 13. Qd3 Nf5 14. h3 Qc7 15. Nxd5 Qd7 16. Nc3 Ncxd4 17. Nxd4 Qxd4 18.
Qf3 Qb6 19. Rad1 Bb4 20. g4 hxg4 21. hxg4 Nh4 22. Qe4 Bc5 23. Re2 Qc6 24. Qxc6+ bxc6 25.
Ne4 Nf3+ 26. Kg2 Nxg5 27. Nxc5 Rh4 28. Rd4 Rd8 29. Red2 Rxd4 30. Rxd4 f5 31. exf6 gxf6 32. f3 f5 33. Ra4 fxg4 34. fxg4 a5 35. Kg3 Rh3+ 36.
Kf4 Nf7 37. Nxe6 Rh2 38. b3 Rf2+ 39. Kg3 Re2 40. Nd4 Re5 41. Nxc6 Re3+ 42. Kf4 Re1 43.
Nxa5 Kd7 44. Nc4 Rf1+ 45. Kg3 Ng5 46. Ne5+ Kc7 47. Rc4+ Kb6 48. Rf4 Rg1+ 49. Kh4 Nh7 50. Nc4+ Kc5 51. Rf5+ Kb4 52. g5 Rh1+ 53. Kg4 Rg1+ 54.
Kh5 Rh1+ 55. Kg6 Rh4 56. Ne5 Ka3 57. Rf2 Rh3 58. Rg2 Nf8+ 59. Kf7 Re3 60. Kxf8 Rxe5 61.
g6 1-0

[Event "Early-Titled-Tuesday-Blitz-May-14-2024"]
[Site "Chess.com"]
[Date "2024.05.14"]
[Round "2"]
[White "Russian_berezka"]
[Black "Rodalquilar"]
[Result "0-1"]
[WhiteElo "2599"]
[BlackElo "2874"]
[TimeControl "180+1"]
[EndTime "8:19:16 PDT"]
[Termination "Rodalquilar won on time"]

1. d4 d5 2. Bf4 Nf6 3. e3 e6 4. Nd2 Bd6 5. Bg3 O-O 6. Bd3 c5 7. c3 Qc7 8. f4 cxd4 9. cxd4 Nc6 10. Ngf3 Bd7 11. Rc1 Qb6 12. Qb3 Qxb3 13. Nxb3 Nb4 14. Bb1 Bb5 15. Ne5 Rfc8 16. Kd2 Ne4+ 17. Bxe4 dxe4 18. a3 Nd3 19. Nxd3 Bxd3 20. Rxc8+ Rxc8 21. Rc1 Rxc1 22. Nxc1 Bf1 23. Nb3 Bxg2 24. Na5 b6 25. Nc6 a6 26. f5 Bxg3 27. fxe6 fxe6 28. hxg3 Bf1 29. Ne5 Bb5 30. b3 Kf8 31. a4 Be8 32.
Nc4 b5 33. axb5 Bxb5 34. Ne5 Ke7 35. b4 h5 36. Ke1 g5 37. Kf2 Be8 38. g4 h4 39. Nc4 Kd7 40. Nd2 Bg6 41. Nb3 Kc6 42. Nc5 Kb5 43. Nxe6 Kxb4 44. d5 Be8 45. Nc7 Bd7 46. Nxa6+ Kc4 47. Nc7 Kc5 48. Kg2 Kd6 49. Na6 Bxg4 50. Nb4 Bf5 51. Kh2 g4 52. Nc6 g3+ 53.
Kg2 Bg4 54. Nd4 Kxd5 55. Kg1 h3 0-1

[Event "Early-Titled-Tuesday-Blitz-May-14-2024"]
[Site "Chess.com"]
[Date "2024.05.14"]
[Round "2"]
[White "Fradi82"]
[Black "GeorgiosSouleidis"]
[Result "0-1"]
[WhiteElo "2197"]
[BlackElo "2689"]
[TimeControl "180+1"]
[EndTime "8:19:16 PDT"]
[Termination "GeorgiosSouleidis won by checkmate"]

1. e4 c5 2. Nf3 e6 3. d4 cxd4 4. Bg5 Be7 5. Bxe7 Nxe7 6. Qxd4 O-O 7. Nc3 Nbc6 8. Qd6 Qb6 9. O-O-O Qxf2 10. Bd3 Qxg2 11.
Rdf1 Ng6 12. Rhg1 Qh3 13. Rg3 Qh6+ 14. Kb1 Qf4 15. e5 Qb4 16. h4 Qxd6 17. exd6 Nge5 18. Nxe5 Nxe5 19. Rfg1 g6 20. Be4 Rb8 21. h5 Kg7 22.
h6+ Kxh6 23. Rh3+ Kg7 24. Rgh1 h5 25. Ne2 b5 26. Nf4 Rh8 27. Rg1 Ng4 28. Bf3 f5 29.
Nd3 Bb7 30. Bd1 Be4 31. b3 Bxd3 32. Rxd3 b4 33. Rd4 Kf6 34. Kb2 a5 35. Be2 Rb6 36. Bc4 Ne5 37. Be2 g5 38. a3 g4 39. axb4 axb4 40.
c4 bxc3+ 41. Kxc3 h4 42. b4 h3 43. Ra1 h2 44. Rdd1 Ng6 45. Rh1 Rxd6 46. b5 Nf4 47. Bc4 g3 48. Kb4 g2 49. Kc5 gxh1=Q 50. Rxh1 Rd2 51. b6 Rb2 52. Bb5 Rc8+ 53. Kd6 Rxb5 54. b7 Rxb7 55. Rc1 Rc6+ 56. Rxc6 dxc6 57. Kxc6 Rh7 58. Kd6 Ng6 59. Kc5 e5 60. Kd5 Kg5 61. Kc5 Rh5 62. Kd5 f4 63. Kc5 e4 64. Kd5 e3 65.
Kc5 Kf5 66. Kd5 Nh8 67. Kc6 Ke6 68. Kb7 Rc5 69. Ka8 Rb5 70. Ka7 Rb2 71. Ka6 Kd6 72. Ka5 Kc6 73. Ka4 Rb8 74. Ka3 Kc5 75. Ka2 Kc4 76. Ka1 Kc3 77. Ka2 Rb7 78. Ka3 Ra7# 0-1